 Dungeon Crawl Stone Soup version 0.17-a0-1132-g5dd4065 (webtiles) character file.

4 MonkeyBuisness the Shield-Bearer (level 1, -3/14 HPs)
             Began as a Gargoyle Fighter on May 25, 2015.
             Engulfed by a cloud of flame (17 damage)
             ... on level 1 of the Dungeon.
             The game lasted 00:01:12 (172 turns).

MonkeyBuisness the Shield-Bearer (Gargoyle Fighter)  Turns: 172, Time: 00:01:12

Health: -3/14      AC:  9    Str: 19    XL:     1   Next: 60%
Magic:  1/1        EV:  7    Int:  8    God:
Gold:   26         SH:  9    Dex:  9    Spells: 0 memorised, 0 levels left

rFire  . . .     SeeInvis .     a - +0 flail
rCold  . . .     Clarity  .     b - +0 scale mail
rNeg   + . .     SustAt   .     c - +0 shield
rPois  ∞         Gourm    .     (no helmet)
rElec  +         Spirit   .     (no cloak)
rCorr  .         Warding  .     (no gloves)
rMut   .         Stasis   .     (no boots)
MR     .....                    (no amulet)
Stlth  ..........               (no ring)
                                (no ring)

@: not resistant to hostile enchantments, extremely unstealthy
A: negative energy resistance 1, electricity resistance, unbreathing,
petrification resistance, rot immunity, AC +2
a: no special abilities


You were on level 1 of the Dungeon.
You were not hungry.

You visited 1 branch of the dungeon, and saw 1 of its levels.

You collected 26 gold pieces.

Inventory:

Hand weapons
 a - a +0 flail (weapon)
Armour
 b - a +0 scale mail (worn)
 c - a +0 shield (worn)
Potions
 d - a potion of might
Comestibles
 e - a bread ration {@e1}


   Skills:
 + Level 3.3 Fighting
 + Level 2.0 Maces & Flails
 + Level 3.2 Armour
 + Level 0.1 Dodging
 + Level 3.4 Shields


You couldn't memorise any spells.
You didn't know any spells.

Dungeon Overview and Level Annotations

Branches:
Dungeon (1/15)

Altars:


Innate Abilities, Weirdness & Mutations

You are resistant to torment.
Your stone body is resilient (AC +2).
You are immune to poison.
You resist negative energy.
You are resistant to electric shocks.
You can survive without breathing.
You are immune to petrification.
You are immune to rotting.


Message History

Welcome, MonkeyBuisness the Gargoyle Fighter.
It is said that the Orb of Zot exists deep within this dungeon, but nobody has ever found it.
Found 19 stones.
Found a staircase leading out of the dungeon.
A kobold comes into view. It is wielding a dagger.
The kobold shouts!
You see here 15 gold pieces.
You now have 15 gold pieces.
You hit the kobold.
You kill the kobold!
No target in view!
No target in view!
You now have 19 gold pieces (gained 4).
You open the door.
There is an open door here.
A giant gecko comes into view.
The giant gecko hisses menacingly.
You closely miss the giant gecko.
The giant gecko bites you but does no damage.
You barely miss the giant gecko. You block the giant gecko's attack.
You block the giant gecko's attack.
You barely miss the giant gecko. You block the giant gecko's attack.
You block the giant gecko's attack.
You barely miss the giant gecko. The giant gecko barely misses you.
You completely miss the giant gecko. The giant gecko barely misses you.
You block the giant gecko's attack.
Your shield prevents you from hitting the giant gecko.
The giant gecko bites you but does no damage.
You closely miss the giant gecko. You block the giant gecko's attack.
The giant gecko bites you.
You take 3 damage, and have 11/14 hp.
MASSIVE DAMAGE!!
You sock the giant gecko!
You kill the giant gecko!
No target in view!
No target in view!
Found an escape hatch in the floor.
No target in view!
You now have 26 gold pieces (gained 7).
You open the door.
There is an open door here.
A giant cockroach comes into view.
The giant cockroach barely misses you.
You closely miss the giant cockroach.
The giant cockroach bites you but does no damage.
You closely miss the giant cockroach. The giant cockroach barely misses you.
The giant cockroach bites you but does no damage.
You hit the giant cockroach but do no damage.
You block the giant cockroach's attack. x2
You hit the giant cockroach. The giant cockroach bites you.
You take 1 damage, and have 11/14 hp.
You thump the giant cockroach!
You kill the giant cockroach!
No target in view!
No target in view!
Found a stone staircase leading down.
There is an open door here.
Really walk into a travel-excluded area?
Okay, then.
There is an open door here.
Health restored: 14 Really walk into a travel-excluded area?
You are engulfed in roaring flames.
Ouch! That really hurt!
You die...

######..##.##..#
###..##.....#
#...........# #
#...........# §#
#.......###.# §§#
###.......###'#####...#
#.........#....§§§.!(?.
#.........#....§§§.%.(.
#.........#....@§§.!$$.
#####)........#####...#
######......##.# § #
............####
...............#
.........##.####
.........##'####
...............#
#####..........#


There were no monsters in sight!

Vanquished Creatures
  A giant gecko (D:1)
  A giant cockroach (D:1)
  A kobold (D:1)
3 creatures vanquished.

Vanquished Creatures (others)
  A goblin (D:1)
1 creature vanquished.

Grand Total: 4 creatures vanquished

Notes
Turn   | Place    | Note
--------------------------------------------------------------
     0 | D:1      | MonkeyBuisness the Gargoyle Fighter began the quest for the Orb.
     0 | D:1      | Reached XP level 1. HP: 14/14 MP: 1/1
   172 | D:1      | Engulfed by a cloud of flame

Vault maps used:
D:1:      minmay_arrival_wavy_path, lemuel_flame_loot_1

Action                   || total
-------------------------++-------
Melee: Flail             ||    14

Vault maps used:
D:1:      minmay_arrival_wavy_path, lemuel_flame_loot_1

Table legend:
 A = Turns spent in this place as a percentage of turns spent in the entire game.
 B = Non-inter-level travel turns spent in this place as a percentage of non-inter-level travel turns spent in the entire game.
 C = Inter-level travel turns spent in this place as a percentage of turns spent in this place.
 D = Turns resting spent in this place as a percentage of non-inter-level travel turns spent in this place.
 E = Turns spent auto-exploring this place as a percentage of non-inter-level travel turns spent in this place.
 F = Non-inter-level travel turns spent in this place divided by the number of levels of this place that you've seen.
                   A       B       C       D       E      F
               +-------+-------+-------+-------+-------+----------------------
         Total | 100.0 | 100.0 |   0.0 |   0.0 |   4.3 |  94.0
       Dungeon | 100.0 | 100.0 |   0.0 |   0.0 |   4.3 |  94.0
               +-------+-------+-------+-------+-------+----------------------

Table legend:
 A = Kills in this place as a percentage of kills in entire the game.
 B = Kills by you in this place as a percentage of kills by you in the entire game.
 C = Kills by friends in this place as a percentage of kills by friends in the entire game.
 D = Other kills in this place as a percentage of other kills in the entire game.
 E = Experience gained in this place as a percentage of experience gained in the entire game.
 F = Experience gained in this place divided by the number of levels of this place that you have seen.
                   A       B       C       D       E      F
               +-------+-------+-------+-------+-------+----------------------
         Total | 100.0 | 100.0 |  -nan |  -nan | 100.0 |   6.0
       Dungeon | 100.0 | 100.0 |  -nan |  -nan | 100.0 |   6.0
               +-------+-------+-------+-------+-------+----------------------
